 Dungeon Crawl Stone Soup version 0.17-a0-2093-gc772f4b (webtiles) character file.

8866 Banto the Covert (level 11, -1/60 (62) HPs)
             Began as a Halfling Artificer on Oct 15, 2015.
             Was an Initiate of Gozag.
             Slain by a yak (12 damage)
             ... on level 9 of the Dungeon on Oct 16, 2015.
             The game lasted 00:26:17 (10272 turns).

Banto the Covert (Halfling Artificer)              Turns: 10272, Time: 00:26:17

HP:   -1/60 (62)    AC:  4    Str: 11    XL:     11   Next: 63%
MP:   13/13         EV: 26    Int: 11    God:    Gozag
Gold: 932           SH:  0    Dex: 19    Spells: 0 memorised, 10 levels left

rFire  + . .     SeeInvis .     a - +3 dagger (venom)
rCold  + . .     Clarity  .     u - +2 robe {rC+ rF+}
rNeg   . . .     SustAt   .     (shield restricted)
rPois  .         Gourm    .     (no helmet)
rElec  .         Spirit   .     (no cloak)
rCorr  .         Warding  .     (no gloves)
rMut   .         Stasis   .     (no boots)
MR     .....                    (no amulet)
Stlth  +++++++...               (no ring)
                                k - +2 ring of evasion

@: not resistant to hostile enchantments, extremely stealthy
A: mutation resistance 1
a: Potion Petition, Call Merchant, Bribe Branch, Renounce Religion


You were on level 9 of the Dungeon.
You worshipped Gozag.
Gozag was noncommittal.
You were not hungry.

You visited 2 branches of the dungeon, and saw 10 of its levels.

You collected 1103 gold pieces.
You spent 80 gold pieces at shops.
You paid 91 gold pieces to Gozag.

Inventory:

Hand Weapons
 a - a +3 dagger of venom (weapon)
 b - a +0 blowgun
Missiles
 A - 34 poisoned needles
Armour
 u - a +2 robe of resistance (worn)
Jewellery
 k - a +2 ring of evasion (left hand)
 n - an uncursed ring of ice
Wands
 c - a wand of flame (19)
 d - a wand of enslavement (7)
 e - a wand of random effects (15)
 j - a wand of digging (18)
 p - a wand of paralysis (13)
 z - a wand of invisibility (4)
 D - a wand of magic darts (40)
 G - a wand of draining (1)
 I - a wand of digging (13)
 J - a wand of fire (12)
 K - a wand of hasting (4)
 L - a wand of confusion (19)
Scrolls
 g - 5 scrolls of identify
 l - 4 scrolls of teleportation
 v - a scroll of fear
 w - 2 scrolls of enchant weapon
 y - a scroll of enchant armour
 E - a scroll of blinking
 F - a scroll of recharging
 H - 2 scrolls of remove curse
Potions
 h - 2 potions of haste
 i - 3 potions of flight
 m - 2 potions of brilliance
 o - 3 potions of curing
 r - 5 potions of might
 s - a potion of berserk rage
 t - 2 potions of agility
 x - a potion of ambrosia
 B - a potion of cancellation
 C - a potion of lignification
Comestibles
 f - 11 bread rations


   Skills:
 - Level 0.8 Fighting
 - Level 10.1 Short Blades
 + Level 10.8 Dodging
 + Level 13.9 Stealth
 - Level 3.0 Evocations


You had 10 spell levels left.
You didn't know any spells.

Dungeon Overview and Level Annotations

Branches:
Dungeon (9/15)             Temple (1/1) D:7            Lair (0/8) D:9
    Orc: D:9-12

Altars:
Ashenzari
Cheibriados
Dithmenos
Elyvilon
Fedhas
Gozag
Kikubaaqudgha
Makhleb
Nemelex Xobeh
Okawaru
Qazlal
Ru
Sif Muna
Trog
Vehumet
Xom
Yredelemnul
Zin
The Shining One

Shops:
D:4 ?


Innate Abilities, Weirdness & Mutations

You are small and have problems with some larger weapons.
You are somewhat resistant to further mutation.


Message History

The yak gores you! The yak misses you.
There is a stone staircase leading up, spattered with blood here.
You barely miss the yak. The yak gores you!! The yak gores you.
You hit the yak but do no damage.
The yak is poisoned.
The yak completely misses you.
The yak snorts and paws the ground.
The yak misses you.
You hit the yak but do no damage. You barely miss the yak.
The yak is lightly wounded.
The yak gores you!
* * * LOW HITPOINT WARNING * * *
The yak gores you!
* * * LOW HITPOINT WARNING * * *
The yak snorts and paws the ground.
The yak gores you!
You die...
Your body crumbles into a pile of gold.

#....t(.# ...#
#.....(.# ....
#.......# .....
#.....(.#
####.......#
#..........#
#..........#
#..........#
#...@YY....#
#..........# o.##
#..........# ...O.
#..........# .....
#........$.#....
####.......##'######
#...............#
#...............#
#......$........#


You could see 2 yaks.

Vanquished Creatures
  Erolcha (D:8)
  Erica (D:8)
  Joseph (D:8)
  Grinder (D:6)
  A spriggan (D:7)
  15 yaks
  A hippogriff (D:8)
  Grum (D:8)
  4 basilisks (D:9)
  Menkaure (D:5)
  4 wolves (D:8)
  A water moccasin (D:5)
  2 orc warriors (D:8)
  2 porcupines
  Duvessa (D:6)
  A sky beast (D:8)
  3 ogres
  A wasp (D:9)
  An ice beast (D:9)
  3 necrophages
  A big kobold (D:7)
  3 crocodiles (D:9)
  A giant frog (D:7)
  A scorpion (D:6)
  3 wights (D:7)
  6 crimson imps
  5 hounds
  2 jellies
  4 human zombies (D:7)
  A centaur skeleton (D:5)
  An orc priest (D:3)
  Jessica (D:3)
  2 human skeletons (D:7)
  4 iguanas
  7 orc wizards
  6 worker ants
  A hound zombie (D:9)
  A hound skeleton (D:6)
  4 river rats (D:9)
  15 adders
  3 shadow imps
  An ooze (D:2)
  An adder zombie (D:4)
  2 adder skeletons
  5 worms
  5 giant geckos
  20 orcs
  3 ball pythons
  5 bats
  3 giant cockroaches
  6 hobgoblins
  4 quokkas
  A giant gecko skeleton (D:8)
  5 giant newts
  4 goblins
  12 jackals
  14 kobolds
  8 rats
217 creatures vanquished.

Vanquished Creatures (collateral kills)
  Dowan (D:6)
  2 orcs (D:3)
  A goblin (D:3)
  A rat (D:3)
5 creatures vanquished.

Vanquished Creatures (others)
  An orc wizard (D:7)
  An ogre zombie (D:7)
  An orc (D:7)
  6 bushes (D:9)
  3 fungi (D:9)
  8 plants (D:9)
20 creatures vanquished.

Grand Total: 242 creatures vanquished

Notes
Turn   | Place    | Note
--------------------------------------------------------------
     0 | D:1      | Banto the Halfling Artificer began the quest for the Orb.
     0 | D:1      | Reached XP level 1. HP: 12/12 MP: 3/3
   128 | D:1      | Reached XP level 2. HP: 15/18 MP: 4/4
   825 | D:2      | Found a burning altar of Makhleb.
   839 | D:2      | Reached XP level 3. HP: 2/22 MP: 5/5
   839 | D:2      | Reached XP level 4. HP: 2/27 MP: 6/6
  1605 | D:2      | Found a radiant altar of Vehumet.
  1605 | D:2      | Found a snail-covered altar of Cheibriados.
  1606 | D:2      | Found a bloodstained altar of Trog.
  1716 | D:2      | Reached skill level 4 in Short Blades
  1723 | D:2      | Reached XP level 5. HP: 18/32 MP: 7/7
  2312 | D:3      | Noticed Jessica
  2320 | D:3      | Killed Jessica
  2392 | D:3      | Reached skill level 5 in Short Blades
  2399 | D:3      | Reached XP level 6. HP: 31/37 MP: 8/8
  2641 | D:3      | Reached skill level 5 in Stealth
  2779 | D:3      | Reached skill level 6 in Short Blades
  3063 | D:4      | Reached XP level 7. HP: 42/42 MP: 9/9
  3173 | D:4      | Found Zuithuybb's Magic Scroll Boutique.
  3177 | D:4      | Bought a scroll of identify for 20 gold pieces
  3177 | D:4      | Bought a scroll of identify for 20 gold pieces
  3177 | D:4      | Bought a scroll of identify for 20 gold pieces
  3177 | D:4      | Bought a scroll of identify for 20 gold pieces
  3586 | D:5      | Entered Level 5 of the Dungeon
  3609 | D:5      | Found an ancient bone altar of Kikubaaqudgha.
  3731 | D:5      | Reached skill level 7 in Short Blades
  4104 | D:5      | Reached XP level 8. HP: 38/47 MP: 10/10
  4137 | D:5      | Reached skill level 8 in Short Blades
  4369 | D:5      | Noticed Menkaure
  4382 | D:5      | Killed Menkaure
  4382 | D:5      | Reached skill level 9 in Short Blades
  4704 | D:6      | Noticed Duvessa
  4705 | D:6      | Noticed Dowan
  4712 | D:6      | Killed Dowan
  4756 | D:6      | Killed Duvessa
  4955 | D:6      | Found a shimmering altar of Xom.
  4999 | D:6      | Noticed Grinder
  5001 | D:6      | Killed Grinder
  5001 | D:6      | Reached skill level 10 in Short Blades
  5001 | D:6      | Reached XP level 9. HP: 46/52 MP: 11/11
  5416 | D:7      | Found a shadowy altar of Dithmenos.
  5936 | D:7      | Found an ancient bone altar of Kikubaaqudgha.
  5978 | D:7      | Reached skill level 10 in Stealth
  5994 | D:7      | Reached skill level 5 in Dodging
  6116 | D:7      | Found a bloodstained altar of Trog.
  6221 | D:7      | Found a staircase to the Ecumenical Temple.
  6388 | Temple   | Entered the Ecumenical Temple
  6480 | Temple   | Became a worshipper of Gozag Ym Sagoz the Greedy
  6696 | D:8      | Noticed Grum
  6703 | D:8      | Killed Grum
  6719 | D:8      | Reached XP level 10. HP: 57/57 MP: 12/12
  6749 | D:8      | Reached skill level 11 in Stealth
  7104 | D:8      | Found a glowing golden altar of the Shining One.
  7162 | D:8      | Noticed Erica
  7166 | D:8      | Killed Erica
  7306 | D:8      | Reached skill level 12 in Stealth
  7405 | D:8      | Noticed Erolcha
  7407 | D:8      | Killed Erolcha
  7620 | D:8      | Noticed Joseph
  7623 | D:8      | Killed Joseph
  7624 | D:8      | Upgraded the game from 0.17-a0-2074-gaf3f87d to 0.17-a0-2093-gc772f4b
  7772 | D:9      | Reached XP level 11. HP: 60/60 MP: 13/13
  8156 | D:8      | Reached skill level 13 in Stealth
  8696 | D:9      | Reached skill level 10 in Dodging
  8840 | D:9      | Found a staircase to the Lair.
 10272 | D:9      | Slain by a yak

Vault maps used:
D:1:      minmay_arrival_five_plusses
D:2:      makhleb_heckhound_becter, gammafunk_temple_overflow_claw
D:3:      uniq_jessica
D:4:      serial_shops, shop, hangedman_decor_points
D:5:      kiku_gazebo_garden_becter, first_bread, fountainhead, uniq_menkaure
D:6:      basic_altar, uniq_grinder, uniq_duvessa
D:7:      nicolae_dithmenos_shadow_blocks, minmay_temple_entry_statues_pillars,
          basic_altar, minmay_misc_feat_ornament, the_bakery,
          lemuel_mausoleum_altar_kikubaaqudgha
D:8:      nicolae_tso_swordbearing_angel, uniq_erolcha, uniq_joseph, uniq_erica,
          uniq_grum
D:9:      minmay_lair_entry_grove
Temple:   zaba_magenta_temple_12

Action                   |  1- 3 |  4- 6 |  7- 9 | 10-12 || total
-------------------------+-------+-------+-------+-------++-------
Melee: Short sword       |    58 |   117 |       |       ||   175
       Dagger            |       |   116 |   294 |   340 ||   750
 Fire: Blowgun           |       |       |    11 |    54 ||    65
Throw: Throwing net      |     1 |     4 |       |     1 ||     6
Evoke: Wand              |       |     8 |    16 |    10 ||    34
  Use: Scroll            |       |    10 |     7 |     3 ||    20
 Stab: Sleeping          |     4 |     8 |    27 |    14 ||    53
       Held in net/web   |       |     1 |       |       ||     1
       Distracted        |       |       |     4 |     2 ||     6
  Eat: Chunk             |       |     7 |    10 |       ||    17
       Royal jelly       |       |       |     2 |       ||     2
       Pizza             |       |       |     1 |       ||     1
       Meat ration       |       |       |       |     2 ||     2
